 Dungeon Crawl Stone Soup version 0.25.1-2-g60ff931df9 (webtiles) character file.

Game seed: 5890022795616880409

2161 raphaelitos the Chopper (level 9, -6/68 HPs)
             Began as a Formicid Fighter on Oct 1, 2020.
             Was a Follower of Nemelex Xobeh.
             Mangled by an orc warrior
             ... wielding a +0 short sword
              (17 damage)
             ... on level 7 of the Dungeon on Oct 2, 2020.
             The game lasted 00:25:50 (8043 turns).

raphaelitos the Chopper (Formicid Fighter)          Turns: 8043, Time: 00:25:51

Health: -6/68      AC:  8    Str: 24    XL:     9   Next: 57%
Magic:  10/10      EV: 10    Int:  7    God:    Nemelex Xobeh [*.....]
Gold:   352        SH: 11    Dex: 11    Spells: 9/11 levels left

rFire    . . .     SeeInvis +   A - +3 battleaxe (freeze)
rCold    . . .     Gourm    .   c - +0 kite shield
rNeg     . . .     Faith    .   b - +1 scale mail
rPois    .         Spirit   .   (helmet unavailable)
rElec    .         Reflect  .   (no cloak)
rCorr    .         Harm     .   (no gloves)
MR       .....                  (no boots)
Stlth    +.........             (no amulet)
HPRegen  0.21/turn              d - ring of stealth
MPRegen  0.12/turn              (no ring)

@: no status effects
A: permanent stasis, dig shafts and tunnels, four strong arms, antennae 3, low
mp 1
a: Dig, Shaft Self, Draw Escape, Draw Destruction, Draw Summoning, Renounce
Religion


You were on level 7 of the Dungeon.
You worshipped Nemelex Xobeh.
Nemelex Xobeh was aware of your devotion.
You were near starving.

You visited 2 branches of the dungeon, and saw 8 of its levels.
You also visited: Sewer.

You collected 352 gold pieces.

Inventory:

Hand Weapons
 o - a +5 dire flail
 y - a +3 morningstar
 A - a +3 battleaxe of freezing (weapon)
 B - a +4 falchion
Missiles
 a - 47 poisoned darts (quivered)
 e - 79 sling bullets
 g - 34 bolts
 h - 113 arrows
Armour
 b - a +1 scale mail (worn)
 c - a +0 kite shield (worn)
Jewellery
 d - a ring of stealth (left hand)
Wands
 l - a wand of clouds (13)
 x - a wand of flame (17)
Scrolls
 m - 2 scrolls of identify
 p - 2 scrolls of remove curse
 r - 3 scrolls of magic mapping
 u - 2 scrolls of teleportation
Potions
 i - a potion of cancellation
 j - 9 potions of heal wounds
 k - a potion of resistance {unknown}
 q - 2 potions of brilliance {unknown}
 s - 3 potions of flight
 t - 3 potions of curing
 v - 2 potions of might
 w - a potion of magic {unknown}
Comestibles
 f - 10 rations


   Skills:
 + Level 5.4 Fighting
 + Level 7.8 Axes
 + Level 6.2 Armour
 + Level 2.7 Dodging
 + Level 1.3 Stealth
 + Level 7.6 Shields
 + Level 1.6 Spellcasting
 + Level 1.0 Necromancy
 + Level 0.3 Translocations


You had 9 spell levels left.
You knew the following spells:

 Your Spells              Type           Power        Failure   Level  Hunger
a - Animate Skeleton      Necr           N/A          63%         1    ##.....
b - Apportation           Tloc           #.....       71%         1    ##.....

Your spell library contained the following spells:

 Spells                   Type           Power        Failure   Level  Hunger
 Corona                   Hex            #......      77%         1    ##.....
 Summon Small Mammal      Summ           #...         77%         1    ##.....


Dungeon Overview and Level Annotations

Branches:
Dungeon (7/15)             Temple (1/1) D:4           Sewer (visited)

Altars:
Ashenzari
Dithmenos
Elyvilon
Fedhas
Gozag
Hepliaklqana
Kikubaaqudgha
Makhleb
Nemelex Xobeh
Okawaru
Qazlal
Ru
Sif Muna
Uskayaw
Vehumet
Xom
Yredelemnul
Zin
The Shining One

Shops:
D:6 *:=%


Innate Abilities, Weirdness & Mutations

You cannot be hasted, slowed, berserked, paralysed or teleported.
You can dig through walls and to a lower floor.
Your four strong arms can wield two-handed weapons with a shield.
You have a pair of large antennae on your head. (SInv)
Your magical capacity is low. (-10% MP)


Message History

You slash the orc warrior! You freeze the orc warrior.
You block the orc warrior's attack.
The orc warrior hits you with a +0 short sword!
Items here: )) [ † a +0 war axe; a +0 club; a +0 leather armour; an orc corpse
Found a runed ring mail.
You closely miss the orc warrior.
The orc warrior is heavily wounded.
The orc warrior hits you with a +0 short sword!
* * * LOW HITPOINT WARNING * * *
You hit the orc warrior. You freeze the orc warrior.
The orc warrior is severely wounded.
The orc warrior barely misses you.
You hit the orc warrior. You freeze the orc warrior.
The orc warrior is severely wounded.
The orc warrior hits you with a +0 short sword.
* * * LOW HITPOINT WARNING * * *
The orc warrior hits you with a +0 short sword!
You die...
Your body glows slightly and disappears.

#### # ....# #.#
### #..#####...#
##.# #.......#
###..# #.!##
#....# ##...###
#.##.# ##
#......# #.##.#
#.
##o####.###.##.#
#. #.@#
#.#...##.###.
#....##
#...####..##.
#....
#..>.####.##.
#....
#.##..#......
#...##
#.###...#..#.
#... #.#
#.###.(## #.#.
#.###.....### #[
#.##....#.##. #.
#.......#.


You could see an orc warrior.

Vanquished Creatures
  2 ice beasts
  A phantom (D:5)
  3 sky beasts
  2 centaurs
  An ogre (D:3)
  2 bullfrogs (D:6)
  A water moccasin skeleton (D:6)
  9 wights (D:6)
  2 howler monkeys
  2 crimson imps
  2 bullfrog zombies (D:5)
  A centaur skeleton (D:5)
  2 orc priests (D:7)
  A quasit (D:6)
  4 hounds
  A bullfrog skeleton (D:4)
  An iguana (D:4)
  5 worker ants
  5 adders
  5 river rats (Sewer)
  An ooze (D:5)
  An adder skeleton (D:5)
  An adder zombie (D:5)
  2 worms
  2 dart slugs (D:1)
  4 leopard geckos
  5 orcs
  9 bats
  3 giant cockroaches
  7 goblins
  5 hobgoblins
  6 jackals
  25 kobolds
  3 quokkas
  5 ball pythons (Sewer)
  8 frilled lizards
  2 jackal skeletons
  A leopard gecko skeleton (D:7)
  A quokka zombie (D:7)
  26 rats
169 creatures vanquished.

Vanquished Creatures (collateral kills)
  A kobold (Sewer)
1 creature vanquished.

Grand Total: 170 creatures vanquished

Notes
Turn   | Place    | Note
-------+----------+-------------------------------------------
     0 | D:1      | raphaelitos the Formicid Fighter began the quest for the
                  | Orb.
     0 | D:1      | Reached XP level 1. HP: 18/18 MP: 1/1
    86 | D:1      | Reached XP level 2. HP: 21/24 MP: 2/2
   423 | D:1      | Reached XP level 3. HP: 29/29 MP: 3/3
   584 | D:1      | Learned a level 1 spell: Animate Skeleton
  1147 | D:2      | Reached XP level 4. HP: 36/36 MP: 4/4
  1156 | D:2      | Noticed a sky beast
  1167 | D:2      | Killed a sky beast
  1167 | D:2      | Reached skill level 1 in Dodging
  1167 | D:2      | Reached XP level 5. HP: 8/42 MP: 5/5
  1917 | D:2      | Learned a level 1 spell: Apportation
  2097 | D:3      | Noticed an ogre
  2111 | D:3      | Killed an ogre
  2111 | D:3      | Reached skill level 1 in Spellcasting
  2111 | D:3      | Reached XP level 6. HP: 20/48 MP: 5/7
  2737 | D:3      | Reached skill level 5 in Shields
  3910 | D:4      | Found a staircase to the Ecumenical Temple.
  4030 | Temple   | Entered the Ecumenical Temple
  4130 | Temple   | Became a worshipper of Nemelex Xobeh the Trickster
  4157 | D:4      | Received a gift from Nemelex Xobeh
  4305 | D:4      | Found a hazy altar of Hepliaklqana.
  4530 | D:5      | Entered Level 5 of the Dungeon
  4554 | D:5      | Noticed a sky beast
  4563 | D:5      | Killed a sky beast
  4563 | D:5      | Reached XP level 7. HP: 54/54 MP: 8/8
  4573 | D:5      | Found an ancient bone altar of Kikubaaqudgha.
  4643 | D:5      | Found a glowing drain.
  4647 | Sewer    | Entered a sewer
  5073 | Sewer    | Gained mutation: Your magical capacity is low. (-10% MP)
                  | [mutagenic glow]
  5637 | Sewer    | Reached skill level 5 in Axes
  5917 | D:5      | Reached * piety under Nemelex Xobeh
  5988 | D:5      | Found a basalt altar of Yredelemnul.
  6029 | D:5      | Reached skill level 1 in Necromancy
  6210 | D:5      | Reached XP level 8. HP: 60/60 MP: 9/9
  6641 | D:6      | Found Kugoagu's Jewellery Shop.
  6654 | D:6      | Received a gift from Nemelex Xobeh
  6703 | D:6      | Found a white marble altar of Elyvilon.
  6765 | D:6      | Found Ecolepn's General Store.
  6798 | D:6      | Found Yxoniw's Book Shoppe.
  6867 | D:6      | Reached skill level 5 in Armour
  6867 | D:6      | Reached skill level 1 in Stealth
  6890 | D:6      | Found an iron altar of Okawaru.
  6890 | D:6      | Found a hide-covered altar of Uskayaw.
  7134 | D:6      | Reached XP level 9. HP: 66/67 MP: 10/10
  7227 | D:6      | Found Tunnad's Food Shoppe.
  7327 | D:6      | Received a gift from Nemelex Xobeh
  7414 | D:6      | Reached skill level 5 in Fighting
  8043 | D:7      | Mangled by an orc warrior

Illustrated notes

Levels and vault maps discovered:
D:1:      saegor_arrival_simple_e, layout_rooms, dk_noncrumbling_3
D:2:      layout_basic
D:3:      layout_loops_ring, first_ration, minmay_pentangle
D:4:      layout_loops_corners, lemuel_coloured_pillars_altar
D:5:      layout_loops_ring, overflow_temple_1_default, gup_sewer_entry_bowl,
          yredelemnul_altar_generic
D:6:      layout_basic, elyvilon_altar_5, grunt_temple_overflow_open,
          serial_shops, shop_statue, shop_coins, nicolae_shop_behind_doors, shop
D:7:      layout_rooms, nicolae_overflow_hidden_temple, serial_shops,
          shop_coins, minmay_statues_item
Temple:   jpeg_temple_clearing

Skill      XL: |  1  2  3  4  5  6  7  8  9 |
---------------+----------------------------+-----
Axes           | 3 4 5 6 7 |  7.8
Dodging        | 1 2 |  2.7
Shields        | 4 5 6 7 |  7.6
Armour         | 4 5 6 |  6.2
Spellcasting   | 1 |  1.6
Fighting       | 4 5 |  5.4
Necromancy     | 1 |  1.0
Stealth        | 1 |  1.3
Translocations | |  0.3

Action                   |  1- 3 |  4- 6 |  7- 9 || total
-------------------------+-------+-------+-------++-------
Melee: War axe           |   114 |    77 |       ||   191
       Short sword       |     4 |       |       ||     4
       Hand axe          |       |    50 |   199 ||   249
       Battleaxe         |       |       |    85 ||    85
 Cast: Animate Skeleton  |       |     4 |     3 ||     7
       Apportation       |       |     1 |     3 ||     4
 Abil: Dig               |     2 |       |       ||     2
  Use: Potion            |       |     1 |       ||     1
       Scroll            |       |    13 |     2 ||    15
 Stab: Distracted        |       |     1 |       ||     1
  Eat: Chunk             |     1 |     7 |     8 ||    16
       Ration            |       |     2 |     1 ||     3
Armor: Scale mail        |    80 |    41 |    89 ||   210
Dodge: Dodged            |    56 |    37 |   113 ||   206
Block: Kite shield       |    84 |    69 |   166 ||   319
